 Dungeon Crawl Stone Soup version 0.19-a0-1170-g18f0c96 (webtiles) character file.

269802 HaroldButt the Shatterer (level 20, -3/169 HPs)
             Began as a Naga Berserker on Aug 16, 2016.
             Was the Champion of Trog.
             Slain by an orc warrior
             ... wielding a +0 trident of venom
             ... led by an orc knight
              (4 damage)
             ... on level 3 of the Vaults on Aug 17, 2016.
             The game lasted 03:00:49 (41783 turns).

HaroldButt the Shatterer (Naga Berserker)          Turns: 41783, Time: 03:00:49

Health: -3/169     AC: 39    Str: 24    XL:     20   Next: 19%
Magic:  20/20      EV:  7    Int: 10    God:    Trog [******]
Gold:   2000       SH:  7    Dex: 10    Spells: 0 memorised, 19 levels left

rFire  + . .     SeeInvis +     V - +9 eveningstar (vamp)
rCold  + + +     Gourm    .     S - +0 storm dragon armour
rNeg   . . .     Faith    .     (no shield)
rPois  +         Spirit   .     T - +2 helmet
rElec  +         Dismiss  .     g - +2 cloak
rCorr  +         Reflect  +     j - +2 pair of gloves
MR     +++..     Harm     .     F - +2 naga barding {rC+}
Stlth  ..........               Y - +5 amulet of reflection
                                L - ring of resist corrosion
                                G - ring "Wimainit" {rElec rF+ rC++ MR+ Str-3}

@: lethally poisoned (-3 -> -5), very slow
A: stinger 1, large bone plates 1, yellow scales 1, camouflage 1, see invisible,
deformed body, poison resistance, slowness 2, slow metabolism 1, spit poison 3,
constrict 1, AC +6
a: Breathe Poison Gas, Berserk, Trog's Hand, Brothers in Arms, Burn Spellbooks,
Renounce Religion
}: 2/15 runes: decaying, gossamer


You were on level 3 of the Vaults.
You worshipped Trog.
Trog was exalted by your worship.
You were not hungry.

You visited 6 branches of the dungeon, and saw 34 of its levels.
You also visited: Labyrinth, Ossuary and Bailey.

You collected 3603 gold pieces.
You spent 1603 gold pieces at shops.


Innate Abilities, Weirdness & Mutations

You cannot wear boots.
Your serpentine skin is tough. (AC +6)
You have supernaturally acute eyesight. (SInv)
Armour fits poorly on your strangely shaped body.
Your system is resistant to poisons. (rPois)
You cover ground very slowly.
You have a slow metabolism.
You can exhale a cloud of poison.
You can use your snake-like lower body to constrict enemies.
Your tail ends in a poisonous barb.
You are partially covered in large bone plates. (AC +2, SH +2)
You are partially covered in yellow scales. (AC +2)
Your skin changes colour to match your surroundings (Stealth+).


   Skills:
 - Level 8.0 Fighting
 + Level 26.2 Maces & Flails
 - Level 12.0 Armour
 - Level 8.1 Dodging
 - Level 8.0 Shields


You had 19 spell levels left.
You didn't know any spells.

Inventory:

Hand Weapons
 v - the +10 dark maul {crush}

   It inflicts extra damage upon your enemies.
 E - the +3 morningstar "Gummeerch" {freeze, Str+2}

   It has been specially enchanted to freeze those struck by it, causing extra
   injury to most foes and up to half again as much damage against particularly
   susceptible opponents.
   It can also slow down cold-blooded creatures.
   It affects your strength (+2).
 V - a +9 vampiric eveningstar (weapon)
Missiles
 z - 2 throwing nets {=f}
Armour
 g - a +2 cloak (worn)
 j - a +2 pair of gloves (worn)
 C - a +2 ring mail of magic resistance
 D - a +1 naga barding of stealth
 F - a +2 naga barding of cold resistance (worn)
 R - the cursed +6 large shield of Ignorance {rN+ AC+4 Int-6 *Curse}

   It affects your AC (+4).
   It affects your intelligence (-6).
   It protects you from negative energy.
   It may re-curse itself when equipped.
   It has a curse placed upon it.
 S - a +0 storm dragon armour (worn)
 T - a +2 helmet (worn)
 W - a fire dragon hide
Jewellery
 e - a +2 ring of dexterity
 t - an uncursed ring of protection from cold
 G - the ring "Wimainit" (left hand) {rElec rF+ rC++ MR+ Str-3}

   [ring of protection from fire]

   It affects your strength (-3).
   It protects you from fire.
   It greatly protects you from cold.
   It insulates you from electricity.
   It affects your resistance to hostile enchantments.
 L - a ring of resist corrosion (right hand)
 Y - a +5 amulet of reflection (around neck)
Wands
 q - a wand of digging (4/24)
 w - a wand of hasting (4/9) {!d@v3}
 H - a wand of iceblast (4/15)
 K - a wand of lightning (10/15)
 P - a wand of heal wounds (6/9) {!d@v2}
 Q - a wand of digging (10/24)
Scrolls
 f - 2 scrolls of blinking
 n - a scroll of holy word
 p - 4 scrolls of fear
 r - a scroll of torment {!r}
 s - 4 scrolls of immolation {!r}
 u - 4 scrolls of enchant weapon
 x - 8 scrolls of remove curse
 y - 6 scrolls of teleportation {@r4}
 I - 2 scrolls of identify {@r1}
 M - 5 scrolls of recharging
 N - 8 scrolls of fog
 O - 6 scrolls of magic mapping
 X - a scroll of summoning
 Z - a scroll of vulnerability {!r}
Potions
 a - 7 potions of agility
 b - 7 potions of might
 d - 3 potions of lignification {!q}
 h - 6 potions of ambrosia
 i - 6 potions of haste {@q3}
 k - a potion of magic
 l - 6 potions of heal wounds {@q2}
 m - 8 potions of curing {@q1}
 A - 8 potions of brilliance
 B - 4 potions of flight
 J - 2 potions of resistance
Comestibles
 c - 22 bread rations
 o - 19 meat rations

Dungeon Overview and Level Annotations

Branches:
Dungeon (15/15)            Temple (0/1) D:6            Lair (6/6) D:10
  Swamp (4/4) Lair:4       Spider (4/4) Lair:4        Slime (0/5) Lair:6
    Orc (2/2) D:9             Elf (0/3) Orc:2        Vaults (3/5) D:14
  Crypt (0/3) Vaults:2     Depths (0/5) D:15

Altars:
Ashenzari
Cheibriados
Elyvilon
Fedhas
Kikubaaqudgha
Makhleb
Nemelex Xobeh
Uskayaw
Xom
Yredelemnul
Jiyva

Shops:
D:6 *   D:11 }(   Orc:1 :   Orc:2 *(%:

Portals:
Hell: Lair:6

▒▒ .. ▒'▒
▒▒▒▒+▒▒▒ ..▒
▒......▒
..▒▒......▒
#p▒......▒
▒)▒...<..▒
▒N▒......▒
▒▒O▒......▒
▒..o.o....▒
▒..▒▒....[.+
....▒ ▒......▒
▒▒▒▒▒▒▒+▒▒
▒......▒
▒........▒
▒......▒
▒........▒
▒......▒ (▒
▒........▒
▒▒▒▒▒▒'▒▒▒▒▒▒..


You could see an ogre mage, a vault sentinel and an orc warrior.


Message History

You block the orc warrior's attack. You block the orc warrior's attack.
You hit the orc warrior but do no damage.
The orc warrior is heavily wounded.
You constrict the purple very ugly thing!
You kill the purple very ugly thing!
Trog accepts your kill.
The vault sentinel shoots a bolt.
The bolt closely misses you.
The bolt hits the orc warrior!
An orc comes into view. It is wielding a mace.
You bludgeon the orc warrior!!
You kill the orc warrior!
Trog accepts your kill.
You feel sick.
The ogre mage mumbles some strange words.
The ogre mage blinks!
The orc warrior hits you from afar with a trident of venom!
* * * LOW HITPOINT WARNING * * *
You hear a shout!
Your storm dragon armour prevents you from hitting the ogre mage.
You grab the ogre mage. You constrict the ogre mage.
The orc moves out of view.
The vault sentinel blows a loud note on a signal horn!
The ogre mage casts a spell at you. The crystal spear hits you!
* * * LOW HITPOINT WARNING * * *
The orc warrior hits you from afar with a trident of venom.
You die...

Action                   |  1- 3 |  4- 6 |  7- 9 | 10-12 | 13-15 | 16-18 | 19-21 || total
-------------------------+-------+-------+-------+-------+-------+-------+-------++-------
Melee: Mace              |    53 |     2 |       |       |       |       |       ||    55
       Flail             |       |   257 |   275 |       |       |       |       ||   532
       Dire flail        |       |       |   182 |   437 |       |       |       ||   619
       Morningstar       |       |       |       |   568 |   858 |       |       ||  1426
       Constrict         |       |       |       |       |   234 |    93 |    43 ||   370
       Tailslap          |       |       |       |       |   144 |    93 |    33 ||   270
       Maul              |       |       |       |       |   239 |   807 |   287 ||  1333
       Eveningstar       |       |       |       |       |       |       |    33 ||    33
Throw: Tomahawk          |       |       |       |    25 |       |       |       ||    25
Invok: Berserk           |     2 |     3 |     9 |    14 |     8 |     5 |     2 ||    43
       Brothers in Arms  |       |       |       |     2 |     1 |     2 |       ||     5
       Trog's Hand       |       |       |       |       |       |     1 |       ||     1
 Abil: Breathe Poison Ga |       |       |       |       |     4 |    18 |       ||    22
Evoke: Wand              |       |       |       |     1 |     3 |    10 |     5 ||    19
  Use: Scroll            |       |     9 |    10 |    10 |    11 |    14 |    10 ||    64
       Potion            |       |       |     3 |     4 |     3 |     3 |     1 ||    14
 Stab: Sleeping          |     1 |       |       |       |       |       |       ||     1
  Eat: Chunk             |       |     8 |    11 |    19 |    32 |    15 |     5 ||    90
       Beef jerky        |       |     1 |       |     8 |     3 |       |     1 ||    13
       Bread ration      |       |       |     1 |       |       |     2 |       ||     3
       Pizza             |       |       |     1 |       |       |       |     2 ||     3
       Fruit             |       |       |     4 |     2 |     1 |    10 |     4 ||    21
       Royal jelly       |       |       |       |     1 |       |       |     2 ||     3
       Meat ration       |       |       |       |       |     3 |     2 |     1 ||     6
Armor: Animal skin       |    14 |       |       |       |       |       |       ||    14
       Ring mail         |       |    85 |   104 |   423 |    88 |       |       ||   700
       Chain mail        |       |    45 |   213 |       |       |       |       ||   258
       Storm dragon armo |       |       |       |       |   608 |  1654 |   384 ||  2646
Dodge: Dodged            |    31 |   126 |   190 |   491 |   426 |   576 |   152 ||  1992
Block: Other             |       |       |       |    17 |    29 |   220 |   157 ||   423
       Buckler           |       |       |       |   158 |   199 |       |       ||   357
       Reflection        |       |       |       |       |       |       |    12 ||    12

Vault maps used:
D:1:      dpeg_arrival_stone_temple_mockup
D:2:      nicolae_overflow_crystal_walls, first_bread, minmay_pentomino_p4,
          uniq_crazy_yiuf_cottage, uniq_terence
D:3:      fedhas_altar_4, uniq_jessica
D:4:      kennysheep_big_flooded_room, chequers_ossuary_entry_cave, uniq_natasha
D:5:      uniq_edmund, uniq_menkaure
D:6:      gammafunk_temple_overflow_statue, serial_shops,
          nicolae_shop_window_shopping, minmay_misc_feat_nine_boxes
D:7:      enter_bailey_3, grunt_ogre_cave, uniq_prince_ribbit1, uniq_pikel
D:8:      elyvilon_altar_4, gammafunk_temple_overflow_elements
D:9:      david_orc_2, basic_altar, uniq_psyche
D:10:     lair_0_dummy, grunt_decor_cap, uniq_nergalle
D:11:     serial_shops, shop, shop, nicolae_underground_beach
D:12:     spider_trap, nemelex_xobeh_ov_fountains_minmay
D:13:     kennysheep_ambush_hall
D:14:     erik_vaults_1, nrook_mini_vaults, columned_hall_lemuel
D:15:     hangedman_depths_entry_civil_slaughter, serial_bayou_pond_b,
          serial_park_tiny_pond
Lair:1:   uniq_erica, uniq_grum, uniq_gastronok
Lair:3:   uniq_rupert
Lair:4:   nicolae_swamp_entry_splash_gauntlet, spider_nest_entry_rubble,
          lab_entry_generic, portal_ice_cave_demonic_guard
Lair:5:   grunt_megastairs_4
Lair:6:   evil_forest, slime_altar_1
Swamp:1:  hangedman_swamp_lotus, grunt_ruined_hall
Swamp:2:  nicolae_swamp_treefoil, swamp_pool1
Swamp:3:  evilmike_swamp_ruin_house_6, swamp_pool3, uniq_mara
Swamp:4:  swamp_pestilence, infiniplex_staircase_pool_2
Spider:1: uniq_nikola, uniq_kirke
Spider:3: guppyfry_spider_mini_1, hangedman_spider_tarantella_strand
Spider:4: grunt_spider_rune_island, uniq_roxanne, uniq_jorgrun
Orc:1:    serial_shops, shop, uniq_urug
Orc:2:    st_orc_open, guppyfry_orc_lava_fort, uniq_maurice
Vaults:1: nicolae_vaults_network_star, grunt_vaults_bifocal, v_misc_27,
          v_misc_27, v_misc_17, nicolae_vaults_little_squares_5,
          vaults_room_door_hall, nicolae_vaults_little_squares_6, uniq_aizul
Vaults:2: v_misc_31, ontoclasm_vaults_fault, vaults_room_door_hall,
          hangedman_vaults_stitches, minmay_crypt_entry_necro_gods,
          nicolae_vaults_diagonal_hallway_6, v_pattern_1, vaults_dpeg_spiral,
          nicolae_vaults_three_branches, v_misc_27, nicolae_vaults_gold_heap
Vaults:3: ontoclasm_vaults_spin, ontoclasm_vaults_shout, hangedman_vaults_locks,
          grunt_vaults_funnel, grunt_vaults_hallway_short, ontoclasm_vaults_eye,
          vaults_room_fours, vaults_dpeg_encased_lava,
          nicolae_vaults_network_quinsquares, nicolae_vaults_little_squares_3
Ossuary:  ossuary_tomb_1
Bailey:   bailey_axe_bossmonster_kennysheep, bailey

Notes
Turn   | Place    | Note
-------+----------+-------------------------------------------
     0 | D:1      | HaroldButt the Naga Berserker began the quest for the Orb.
     0 | D:1      | Reached XP level 1. HP: 21/21 MP: 1/1
   258 | D:1      | Reached XP level 2. HP: 28/28 MP: 2/2
   545 | D:1      | Reached skill level 4 in Maces & Flails
   545 | D:1      | Reached XP level 3. HP: 34/34 MP: 3/3
   700 | D:2      | Noticed Terence
   710 | D:2      | Killed Terence
   710 | D:2      | Reached XP level 4. HP: 42/42 MP: 4/4
   741 | D:2      | Reached ** piety under Trog
   826 | D:2      | Reached skill level 5 in Maces & Flails
   893 | D:2      | Found a basalt altar of Yredelemnul.
  1032 | D:2      | Found a runed door.
  1036 | D:2      | Noticed Crazy Yiuf
  1043 | D:2      | Killed Crazy Yiuf
  1043 | D:2      | Reached XP level 5. HP: 49/49 MP: 5/5
  1577 | D:3      | Reached skill level 6 in Maces & Flails
  1725 | D:3      | Reached *** piety under Trog
  1729 | D:3      | Reached XP level 6. HP: 30/56 MP: 6/6
  2000 | D:3      | Found a blossoming altar of Fedhas.
  2361 | D:3      | Noticed Jessica
  2365 | D:3      | Killed Jessica
  2365 | D:3      | Reached skill level 7 in Maces & Flails
  2413 | D:4      | Noticed Natasha
  2430 | D:4      | Killed Natasha
  2662 | D:4      | Reached XP level 7. HP: 37/62 MP: 7/7
  2666 | D:4      | Got an ancient chain mail
  2734 | D:4      | Reached skill level 8 in Maces & Flails
  2803 | D:4      | Found a sand-covered staircase.
  2812 | Ossuary  | Entered an ossuary
  2997 | Ossuary  | Reached **** piety under Trog
  3277 | Ossuary  | Reached skill level 9 in Maces & Flails
  3614 | D:4      | Reached ***** piety under Trog
  3816 | D:4      | Reached XP level 8. HP: 64/69 MP: 8/8
  4181 | D:5      | Entered Level 5 of the Dungeon
  4225 | D:5      | Identified the cursed +0 chain mail of the Valley of Death {-Tele rPois MR+ Dex+4} (You found it on level 4 of the Dungeon)
  4377 | D:5      | Reached skill level 10 in Maces & Flails
  4447 | D:5      | Noticed Edmund
  4464 | D:5      | Killed Edmund
  4464 | D:5      | Reached skill level 2 in Shields
  4705 | D:5      | Noticed Menkaure
  4709 | D:5      | Killed Menkaure
  4709 | D:5      | Reached skill level 3 in Shields
  4760 | D:6      | Reached skill level 2 in Armour
  4909 | D:6      | Found an ancient bone altar of Kikubaaqudgha.
  4909 | D:6      | Found a snail-covered altar of Cheibriados.
  4948 | D:6      | Found a staircase to the Ecumenical Temple.
  4994 | D:6      | Reached skill level 3 in Armour
  5046 | D:6      | Received a gift from Trog
  5046 | D:6      | Reached XP level 9. HP: 73/75 MP: 9/9
  5061 | D:6      | Found Caquf's General Store.
  5078 | D:6      | Bought a scroll of teleportation for 39 gold pieces
  5078 | D:6      | Bought a scroll of enchant armour for 97 gold pieces
  5258 | D:6      | Reached skill level 4 in Armour
  5378 | D:7      | Reached skill level 5 in Armour
  5413 | D:7      | Found a flagged portal.
  5438 | Bailey   | Entered a bailey
  5448 | Bailey   | Noticed Shenda's ghost (journeyman DDFi)
  5470 | Bailey   | Killed Shenda's ghost
  5470 | Bailey   | Reached skill level 6 in Armour
  5537 | Bailey   | Noticed an orc warlord
  5601 | Bailey   | Reached skill level 7 in Armour
  5740 | Bailey   | Found a runed gate.
  5741 | Bailey   | Found a runed gate.
  5742 | Bailey   | Found a runed gate.
  5749 | Bailey   | Noticed an orc knight
  5772 | Bailey   | Killed an orc knight
  5772 | Bailey   | Reached skill level 8 in Armour
  5772 | Bailey   | Reached XP level 10. HP: 63/84 MP: 10/10
  5779 | Bailey   | Reached skill level 2 in Dodging
  6023 | Bailey   | Killed an orc warlord
  6023 | Bailey   | Reached skill level 3 in Dodging
  6051 | Bailey   | Got a fine marble ring
  6211 | Bailey   | Identified a potion of resistance
  6218 | Bailey   | Gained mutation: You are partially covered in large bone plates. (AC +2, SH +2) [potion of beneficial mutation]
  6219 | Bailey   | Gained mutation: You can exhale a cloud of poison. [potion of beneficial mutation]
  6340 | D:7      | Noticed Prince Ribbit
  6357 | D:7      | Killed Prince Ribbit
  6357 | D:7      | Reached skill level 4 in Dodging
  6511 | D:7      | Identified the ring "Wimainit" {rElec rF+ rC++ MR+ Str-3} (You found it in a bailey)
  6640 | D:7      | Noticed Pikel
  6655 | D:7      | Killed Pikel
  6655 | D:7      | Reached skill level 5 in Dodging
  7113 | D:8      | Reached skill level 6 in Dodging
  7291 | D:8      | Noticed Natasha
  7306 | D:8      | Killed Natasha
  7450 | D:8      | Found a white marble altar of Elyvilon.
  7452 | D:8      | Noticed Natasha
  7460 | D:8      | Killed Natasha
  7818 | D:8      | Reached skill level 7 in Dodging
  7837 | D:8      | Found a shimmering altar of Xom.
  7837 | D:8      | Found a hide-covered altar of Uskayaw.
  7897 | D:9      | Found a staircase to the Orcish Mines.
  8074 | D:9      | Reached XP level 11. HP: 49/90 MP: 11/11
  8306 | D:9      | Received a gift from Trog
  8324 | D:9      | Got an ichor-stained morningstar {god gift}
  8328 | D:9      | Identified the +3 morningstar "Gummeerch" {freeze, Str+2} (Trog gifted it to you on level 9 of the Dungeon)
  8343 | D:9      | Found a shattered altar of Ashenzari.
  8484 | D:9      | Noticed Psyche
  8495 | D:9      | Killed Psyche
  8495 | D:9      | Reached skill level 8 in Dodging
  8856 | D:10     | Entered Level 10 of the Dungeon
  8870 | D:10     | Reached skill level 4 in Fighting
  9135 | D:10     | Noticed a hill giant
  9143 | D:10     | Killed a hill giant
  9143 | D:10     | Reached skill level 5 in Fighting
  9231 | D:10     | Reached skill level 6 in Fighting
  9345 | D:10     | Reached skill level 7 in Fighting
  9514 | D:10     | Noticed Nergalle
  9535 | D:10     | Killed Nergalle
  9649 | D:10     | Reached skill level 8 in Fighting
  9828 | D:10     | Found a staircase to the Lair.
  9974 | D:10     | Noticed a hill giant
  9979 | D:10     | Killed a hill giant
 10023 | Lair:1   | Entered Level 1 of the Lair of Beasts
 10029 | Lair:1   | Noticed Gastronok
 10048 | Lair:1   | Killed Gastronok
 10048 | Lair:1   | Reached skill level 11 in Maces & Flails
 10048 | Lair:1   | Reached XP level 12. HP: 110/110 MP: 12/12
 10263 | Lair:1   | Noticed Grum
 10267 | Lair:1   | Killed Grum
 10580 | Lair:1   | Noticed Erica
 10586 | Lair:1   | Killed Erica
 10586 | Lair:1   | Reached skill level 12 in Maces & Flails
 11076 | Lair:2   | Received a gift from Trog
 12099 | Lair:2   | Reached skill level 13 in Maces & Flails
 12290 | Lair:2   | Received a gift from Trog
 12853 | Lair:3   | Reached skill level 14 in Maces & Flails
 13033 | Lair:3   | Gained mutation: You can use your snake-like lower body to constrict enemies. [Naga growth]
 13033 | Lair:3   | Reached XP level 13. HP: 117/117 MP: 13/13
 13109 | Lair:3   | Noticed Rupert
 13114 | Lair:3   | Reached skill level 15 in Maces & Flails
 13141 | Lair:3   | Killed Rupert
 13383 | Lair:3   | Reached ****** piety under Trog
 14131 | Lair:4   | Found a labyrinth entrance.
 14140 | Lair:4   | Reached skill level 16 in Maces & Flails
 14150 | Lab      | Entered a labyrinth
 14887 | Lab      | Noticed a minotaur
 14891 | Lab      | Killed a minotaur
 14898 | Lab      | Got a flickering turquoise ring
 14898 | Lab      | Identified a wand of heal wounds
 14955 | Lair:4   | Found a hole to the Spider Nest.
 15201 | Lair:4   | Reached skill level 9 in Armour
 15546 | Lair:4   | Identified a +0 storm dragon armour (You found it in a labyrinth)
 15724 | Lair:4   | Found a staircase to the Swamp.
 16076 | Lair:5   | Reached skill level 10 in Armour
 16375 | Lair:5   | Reached XP level 14. HP: 123/126 MP: 14/14
 16467 | Lair:5   | Identified the cursed ring "Tyorar" {rElec MR- EV-3 Dex+3 SInv} (You found it in a labyrinth)
 16479 | Lair:5   | Received a gift from Trog
 16771 | Lair:5   | Gained mutation: Your tail ends in a poisonous barb. [potion of beneficial mutation]
 16772 | Lair:5   | Gained mutation: You are partially covered in yellow scales. (AC +2) [potion of beneficial mutation]
 16974 | Lair:6   | Entered Level 6 of the Lair of Beasts
 17116 | Lair:6   | Reached skill level 11 in Armour
 17558 | Lair:6   | Noticed a dire elephant
 17570 | Lair:6   | Killed a dire elephant
 17776 | Lair:6   | Noticed a dire elephant
 17777 | Lair:6   | Received a gift from Trog
 17792 | Lair:6   | Killed a dire elephant
 18052 | Lair:6   | Found a burning altar of Makhleb.
 18075 | Lair:6   | Reached skill level 12 in Armour
 18115 | Lair:6   | Found a gateway to Hell.
 18331 | Lair:6   | Reached skill level 4 in Shields
 18381 | Lair:6   | Found a staircase to the Slime Pits.
 18382 | Lair:6   | Found a viscous altar of Jiyva.
 18753 | Orc:1    | Entered Level 1 of the Orcish Mines
 18817 | Orc:1    | Found Watik's Book Shoppe.
 19007 | Orc:2    | Entered Level 2 of the Orcish Mines
 19041 | Orc:1    | Reached skill level 5 in Shields
 19170 | Orc:2    | Noticed Maurice
 19180 | Orc:2    | Killed Maurice
 19284 | Orc:2    | Received a gift from Trog
 19395 | Orc:2    | Reached skill level 6 in Shields
 19493 | Orc:2    | Found Sucza's General Store.
 19751 | Orc:2    | Reached skill level 7 in Shields
 19794 | Orc:2    | Reached XP level 15. HP: 106/132 MP: 15/15
 19795 | Orc:2    | Found Mibliah's Food Shop.
 19825 | Orc:2    | Found Xytyuf's Book Emporium.
 19830 | Orc:2    | Found Sifuak's Weapon Shop.
 20002 | Orc:2    | Found a staircase to the Elven Halls.
 20290 | Orc:2    | Bought a potion of heal wounds for 70 gold pieces
 20290 | Orc:2    | Bought a +0 helmet for 63 gold pieces
 20500 | Orc:2    | Reached skill level 8 in Shields
 20654 | D:11     | Found Kulale's Antique Weapon Boutique.
 20663 | D:11     | Bought the +10 dark maul {crush} for 1334 gold pieces
 20763 | D:11     | Found Pygergh's Gadget Emporium.
 21248 | D:12     | Received a gift from Trog
 21251 | D:12     | Got a faintly glowing great mace {god gift}
 21252 | D:12     | Identified the +8 great mace of Exhibitionism {crush, Stlth+} (Trog gifted it to you on level 12 of the Dungeon)
 21259 | D:12     | Identified a scroll of acquirement
 21649 | D:12     | Found a sparkling altar of Nemelex Xobeh.
 22463 | D:14     | Found a gate to the Vaults.
 22480 | D:14     | Identified a wand of hasting (You acquired it on level 14 of the Dungeon)
 22492 | D:14     | Reached skill level 17 in Maces & Flails
 22574 | D:14     | Gained mutation: Your skin changes colour to match your surroundings (Stealth+). [potion of beneficial mutation]
 23041 | D:15     | Entered Level 15 of the Dungeon
 23077 | D:15     | Received a gift from Trog
 23625 | D:15     | Reached skill level 18 in Maces & Flails
 23652 | D:15     | Found a staircase to the Depths.
 23896 | D:15     | Reached XP level 16. HP: 140/140 MP: 16/16
 24182 | Swamp:1  | Entered Level 1 of the Swamp
 24184 | Swamp:1  | Noticed Rhoefr's ghost (adept VSGl)
 24190 | Swamp:1  | Killed Rhoefr's ghost
 24716 | Swamp:1  | Received a gift from Trog
 25101 | Swamp:1  | Reached skill level 19 in Maces & Flails
 25617 | Swamp:1  | Found a basalt altar of Yredelemnul.
 26105 | Swamp:1  | HP: 14/140 [spriggan druid/angry trees (7)]
 26467 | Swamp:2  | Noticed a thorn hunter
 26474 | Swamp:2  | Killed a thorn hunter
 26872 | Swamp:2  | Reached skill level 20 in Maces & Flails
 27700 | Swamp:3  | Noticed a thorn hunter
 27705 | Swamp:3  | Killed a thorn hunter
 27995 | Swamp:3  | Reached XP level 17. HP: 146/146 MP: 17/17
 28655 | Swamp:3  | Received a gift from Trog
 28870 | Swamp:3  | Noticed Mara
 28872 | Swamp:3  | Noticed HaroldButt's illusion
 29099 | Swamp:4  | Entered Level 4 of the Swamp
 29175 | Swamp:4  | Reached skill level 21 in Maces & Flails
 30223 | Swamp:4  | Noticed a bone dragon
 30518 | Swamp:4  | Received a gift from Trog
 30574 | Swamp:4  | Killed a bone dragon
 31170 | Swamp:4  | Got a decaying rune of Zot
 31413 | Spider:1 | Entered Level 1 of the Spider Nest
 31714 | Spider:1 | Noticed Kenran's ghost (adept DrTm)
 31727 | Spider:1 | Killed Kenran's ghost
 31826 | Spider:1 | Noticed Kirke
 31833 | Spider:1 | Killed Kirke
 31833 | Spider:1 | Reached skill level 22 in Maces & Flails
 32529 | Spider:1 | Noticed Nikola
 32542 | Spider:1 | Killed Nikola
 33068 | Spider:1 | Received a gift from Trog
 33591 | Spider:2 | Reached XP level 18. HP: 101/154 MP: 18/18
 34511 | Spider:3 | Reached skill level 23 in Maces & Flails
 34699 | Spider:3 | Received a gift from Trog
 35418 | Spider:4 | Entered Level 4 of the Spider Nest
 35859 | Spider:4 | Noticed Roxanne
 36017 | Spider:4 | Noticed Jorgrun
 36035 | Spider:4 | Got a gossamer rune of Zot
 36217 | Spider:4 | Killed Jorgrun
 36327 | Spider:4 | Reached skill level 24 in Maces & Flails
 37097 | Spider:3 | Received a gift from Trog
 37651 | Spider:4 | Reached XP level 19. HP: 160/160 MP: 19/19
 37787 | Spider:4 | Killed Roxanne
 38108 | Vaults:1 | Entered Level 1 of the Vaults
 38350 | Vaults:1 | Noticed Aizul
 38357 | Vaults:1 | Killed Aizul
 39498 | Vaults:1 | Received a gift from Trog
 39534 | Vaults:1 | Noticed a Hell Sentinel
 39538 | Vaults:1 | Reached skill level 25 in Maces & Flails
 40125 | Vaults:2 | Found a staircase to the Crypt.
 40125 | Vaults:2 | Found a basalt altar of Yredelemnul.
 40126 | Vaults:2 | Found an ancient bone altar of Kikubaaqudgha.
 40375 | Vaults:2 | Received a gift from Trog
 41643 | Vaults:2 | Reached XP level 20. HP: 169/169 MP: 20/20
 41712 | Vaults:3 | Reached skill level 26 in Maces & Flails
 41724 | Vaults:3 | Received a gift from Trog
 41783 | Vaults:3 | HP: 1/169 [ogre mage/crystal spear (30)]
 41783 | Vaults:3 | Slain by an orc warrior

Vanquished Creatures
  Nikola (Spider:1)
  A bone dragon (Swamp:4)
  Jorgrun (Spider:4)
  Rupert (Lair:3)
  Gastronok (Lair:1)
  A tengu reaver (Vaults:2)
  Kirke (Spider:1)
  2 thorn hunters
  The ghost of Kenran the Brawler, an adept DrTm of Cheibriados (Spider:1)
  Roxanne (Spider:4)
  2 vault wardens
  4 emperor scorpions
  Aizul (Vaults:1)
  3 ghost moths (Spider:4)
  An orc warlord (Vaults:1)
  A ghoul (Vaults:3)
  4 very ugly things (Vaults:3)
  The ghost of Rhoefr the Fencer, an adept VSGl of Okawaru (Swamp:1)
  A stone giant (Vaults:2)
  3 entropy weavers
  A deep elf demonologist (Vaults:1)
  4 ironheart preservers
  4 spark wasps
  An ettin (D:15)
  A minotaur (Lab)
  2 dire elephants (Lair:6)
  A deep elf death mage (Vaults:1)
  The ghost of Shenda the Carver, a journeyman DDFi of Makhleb (Bailey)
  4 yaktaur captains
  4 fire dragons
  A great orb of eyes (Vaults:2)
  2 ice dragons
  2 rakshasas
  4 vault guards
  12 hydras
  Erica (Lair:1)
  3 centaur warriors
  2 ghost crabs
  2 dancing weapons (D:14)
  2 tengu warriors (D:14)
  6 ogre magi
  14 alligators
  4 death knights
  A deep troll earth mage (Vaults:2)
  A sun demon (Lair:6)
  6 spriggans
  Nergalle (D:10)
  4 deep elf knights
  A shadow wraith (Vaults:2)
  2 skeletal warriors
  3 unseen horrors
  2 flayed ghosts
  13 hill giants
  6 wizards
  3 spriggan druids
  3 deep elf archers
  8 deep trolls
  3 ironbrand convokers
  7 orc knights
  5 spectral hydras (Swamp:4)
  3 swamp dragons (Swamp:1)
  3 phantasmal warriors (Swamp:4)
  Pikel (D:7)
  7 shambling mangroves
  5 griffons
  14 orb spiders
  37 wolf spiders
  A harpy (Vaults:3)
  9 cyclopes
  10 deep elf magi
  A manticore (D:15)
  5 ugly things
  3 orc sorcerers
  11 hornets
  3 moths of wrath
  Maurice (Orc:2)
  A centaur zombie (D:14)
  8 vault sentinels
  12 elephants
  An orange demon (Lair:6)
  3 torpor snails
  A black mamba (Lair:2)
  Psyche (D:9)
  23 spiny frogs
  A komodo dragon (shapeshifter) (Vaults:1)
  2 swamp worm zombies (Swamp:4)
  3 rime drakes
  2 efreet
  8 komodo dragons
  10 yaktaurs
  3 freezing wraiths
  11 demonic crawlers
  29 jumping spiders
  3 hydra zombies (Swamp:4)
  4 ice devils
  2 giant leeches (Swamp:2)
  A polar bear (Lair:5)
  13 trolls
  Prince Ribbit (D:7)
  A spectral swamp dragon (Swamp:4)
  13 two-headed ogres
  A blink frog (Lair:6)
  17 bog bodies
  4 alligator zombies (Swamp:4)
  40 slime creatures
  23 tarantellas
  2 wyverns
  59 redbacks
  57 yaks
  6 water elementals
  A vampire (D:9)
  4 wraiths
  2 hogs (Spider:1)
  A human (shapeshifter) (Vaults:1)
  Grum (Lair:1)
  2 basilisks (Lair:3)
  5 hungry ghosts
  20 vampire mosquitoes
  12 hippogriffs
  A steam dragon (Lair:5)
  Menkaure (D:5)
  33 insubstantial wisps
  6 wargs
  Edmund (D:5)
  34 swamp worms
  7 water moccasins
  4 porcupines
  13 orc warriors
  12 swamp drakes
  3 sky beasts
  3 black bears
  9 ice beasts
  4 swamp dragon zombies (Swamp:4)
  29 wasps
  32 ogres
  32 wolves
  15 centaurs
  8 phantoms
  A boggart (Vaults:2)
  3 eyes of draining
  16 crocodiles
  3 big kobolds
  An elf zombie (Ossuary)
  25 giant frogs
  A wyvern skeleton (D:8)
  8 scorpions
  4 killer bees
  5 wights
  6 electric eels
  7 crimson imps
  2 giant frog zombies
  A quasit (D:11)
  Crazy Yiuf (D:2)
  4 jellies
  3 centaur skeletons
  A human zombie (Ossuary)
  11 orc priests
  5 giant frog skeletons
  4 hounds
  10 orc wizards
  Terence (D:2)
  Jessica (D:3)
  12 iguanas
  8 worker ants
  Natasha (thrice) (D:4 D:8)
  A spectral swamp drake (Swamp:4)
  A killer bee zombie (D:8)
  3 sheep (D:12)
  3 big kobold zombies (Ossuary)
  A hound zombie (D:7)
  2 mummies (Ossuary)
  2 worker ant zombies
  4 gnolls
  A howler monkey skeleton (D:11)
  10 adders
  98 river rats
  A swamp drake zombie (Swamp:4)
  A shadow imp (D:14)
  An ooze (D:1)
  An adder skeleton (D:9)
  2 adder zombies
  4 worms
  A dart slug (D:1)
  10 giant geckos
  73 orcs
  10 bats
  3 giant cockroaches (D:2)
  12 hobgoblins
  16 jackals
  3 quokkas
  4 ball pythons
  A ball python zombie (D:6)
  A giant gecko skeleton (D:4)
  5 giant newts
  12 goblins
  A goblin zombie (Ossuary)
  6 hobgoblin zombies (Ossuary)
  A jackal zombie (Ossuary)
  40 kobolds
  12 kobold zombies (Ossuary)
  8 orc zombies (Ossuary)
  13 rats
  2 rat zombies (Ossuary)
  7 briar patches (Swamp:2)
  2 fungi
1480 creatures vanquished.

Vanquished Creatures (collateral kills)
  An orc warlord (Bailey)
  A ghost moth (Spider:4)
  2 orb spiders (Spider:2)
  2 orange demons (Lair:6)
  A smoke demon (Lair:6)
  An ice devil (Lair:6)
  A demonic crawler (Spider:4)
  A hellwing (Lair:6)
  A red devil (Lair:6)
  A jumping spider (Spider:2)
  3 redbacks (Spider:2)
  2 hell hounds (Lair:6)
  A gnoll (Bailey)
  A hobgoblin (Bailey)
19 creatures vanquished.

Vanquished Creatures (others)
  A human (Spider:1)
  A boggart (Vaults:2)
  2 fungi
4 creatures vanquished.

Grand Total: 1503 creatures vanquished
